 Dungeon Crawl Stone Soup version 0.18.1-48-g4cf74bf (webtiles) character file.

1389 tagomago the Grappler (level 8, 74/74 HPs)
             Began as a Troll Monk on July 13, 2016.
             Was a Priest of Zin.
             Quit the game on level 5 of the Dungeon.
             The game lasted 00:11:09 (3858 turns).

tagomago the Grappler (Troll Monk)                  Turns: 3858, Time: 00:11:10

Health: 74/74      AC:  5    Str: 28    XL:     8   Next: 40%
Magic:  7/7        EV: 10    Int:  6    God:    Zin [***...]
Gold:   141        SH:  0    Dex: 12    Spells: 0 memorised, 7 levels left

rFire  . . .     SeeInvis .     s - +6 spear of Nuometohi {speed, *Rage Str+6}
rCold  . . .     Gourm    +     a - +0 robe
rNeg   + . .     Faith    .     (no shield)
rPois  .         Spirit   .     (helmet restricted)
rElec  .         Dismiss  .     (no cloak)
rCorr  .         Reflect  .     (gloves unavailable)
SustAt .         Harm     .     (boots unavailable)
MR     .....     Rnd*Rage +     (no amulet)
Stlth  +.........               (no ring)
                                f - ring of positive energy

@: not resistant to hostile enchantments, very unstealthy
A: unfitting armour, claws 3, fast metabolism 3, gourmand, regeneration 2,
shaggy fur 1, tough skin 2
a: Recite, Vitalisation, Imprison, Donate Gold, Renounce Religion


You were on level 5 of the Dungeon.
You worshipped Zin.
Zin was most pleased with you.
You were not hungry.

You visited 1 branch of the dungeon, and saw 5 of its levels.

You collected 246 gold pieces.
You spent 90 gold pieces at shops.
You donated 15 gold pieces to Zin.

Inventory:

Hand Weapons
 s - the +6 spear of Nuometohi (weapon) {speed, *Rage Str+6}
   (You found it on level 4 of the Dungeon)

   Attacks with this weapon are significantly faster.
   It affects your strength (+6).
   It may make you go berserk in combat.
Armour
 a - a +0 robe (worn)
Jewellery
 f - a ring of positive energy (left claw)
Scrolls
 c - 3 scrolls of enchant armour {unknown}
 d - a scroll of teleportation {unknown}
 h - 2 scrolls of identify
 i - 6 scrolls of remove curse {unknown}
 j - a scroll of random uselessness {unknown}
 m - a scroll of enchant weapon {unknown}
 n - a scroll of immolation {unknown}
 o - a scroll of fear {unknown}
 t - a scroll of blinking {unknown}
Potions
 e - a potion of beneficial mutation {unknown}
 g - a potion of lignification {unknown}
 k - a potion of brilliance {unknown}
 p - 2 potions of invisibility {unknown}
 q - a potion of berserk rage {unknown}
 u - a potion of curing
 v - a potion of cure mutation {unknown}
 w - a potion of flight {unknown}
 x - a potion of agility
Comestibles
 b - 3 bread rations
 l - 2 fruits
 r - 2 slices of pizza


   Skills:
 - Level 2.4 Fighting
 * Level 6.0 Polearms
 - Level 2.4 Dodging
 - Level 1.1 Stealth
 - Level 8.2 Unarmed Combat
 + Level 0.8 Invocations


You had 7 spell levels left.
You didn't know any spells.

Dungeon Overview and Level Annotations

Branches:
Dungeon (5/15)
 Temple: D:4-7

Altars:
Fedhas
Okawaru
Trog
Zin
The Shining One


Innate Abilities, Weirdness & Mutations

You are too large for most types of armour.
You have claws for hands.
Your metabolism is lightning-fast.
You like to eat raw meat.
You heal very quickly.
You are covered in fur (AC +1).
You have very tough skin (AC +2).


Message History

The river rat is severely wounded.
The river rat barely misses you.
You hit the river rat.
You kill the river rat!
Found 8 gold pieces.
c - 3 scrolls labeled ITAVAI GOBRO (gained 1)
You pay a tithe of 1 gold.
You now have 141 gold pieces (gained 7).
You see here a rat corpse.
You see here a rat corpse.
You are near starving!
r - 2 slices of pizza (gained 1) Eat which item? (? for menu, Esc to quit)
You continue eating. x2
You finish eating.
That bread ration really hit the spot!
Things that are here:
a rat corpse; a river rat corpse; a rat corpse
Found 6 javelins. 2 rats and a worm come into view.
Are you sure you want to abandon this character and quit the game? (Confirm with "yes".)

#.## ###
####.####.##
#..##.##.#.#
#.##.#.##.## #
#.#†#.###.# (##
#..(.## #.### #.#
##..†#.###...#
#.###.#.)##.####.#
#@#..#.##.#.##....
#.#.######.##......
.w#### ##........
.... #.........
.r.r. #........#
#.... ##.......#
#### #########


You could see a worm and 2 rats.

Vanquished Creatures
  The ghost of jlev the Ducker, an amateur MiMo (D:4)
  Duvessa (D:5)
  3 ogres
  2 centaurs (D:5)
  Dowan (D:5)
  A scorpion (D:3)
  2 crimson imps
  2 orc priests
  2 orc wizards (D:4)
  A worker ant (D:4)
  14 adders
  7 river rats (D:5)
  2 oozes
  4 adder skeletons (D:4)
  3 worms
  2 dart slugs (D:1)
  5 giant geckos
  21 orcs
  A ball python (D:2)
  4 giant cockroaches
  4 goblins
  5 hobgoblins
  5 jackals (D:2)
  6 kobolds
  3 quokkas
  6 bats
  8 giant newts
  A goblin zombie (D:4)
  2 hobgoblin zombies (D:4)
  A jackal skeleton (D:4)
  A kobold skeleton (D:4)
  2 orc skeletons (D:4)
  An orc zombie (D:4)
  A quokka skeleton (D:5)
  21 rats
146 creatures vanquished.

Notes
Turn   | Place    | Note
--------------------------------------------------------------
     0 | D:1      | tagomago the Troll Monk began the quest for the Orb.
     0 | D:1      | Reached XP level 1. HP: 22/22 MP: 0/0
   231 | D:1      | Reached XP level 2. HP: 25/29 MP: 1/1
   750 | D:2      | Reached skill level 5 in Unarmed Combat
   750 | D:2      | Reached XP level 3. HP: 36/36 MP: 2/2
  1026 | D:2      | Reached XP level 4. HP: 44/44 MP: 3/3
  1222 | D:2      | Found a bloodstained altar of Trog.
  1247 | D:2      | Reached skill level 6 in Unarmed Combat
  1658 | D:3      | Reached XP level 5. HP: 47/50 MP: 4/4
  2112 | D:3      | Reached skill level 7 in Unarmed Combat
  2334 | D:4      | Noticed an ogre
  2335 | D:4      | Noticed an ogre
  2340 | D:4      | Noticed jlev's ghost (amateur MiMo)
  2349 | D:3      | Killed an ogre
  2349 | D:3      | Reached XP level 6. HP: 42/59 MP: 5/5
  2447 | D:4      | Got an ichor-stained spear
  2448 | D:4      | Identified the +6 spear of Nuometohi {speed, *Rage Str+6} (You found it on level 4 of the Dungeon)
  2484 | D:4      | Found Zin's Purification Station.
  2505 | D:4      | Reached skill level 8 in Unarmed Combat
  2515 | D:4      | Found a glowing silver altar of Zin.
  2519 | D:4      | Bought a potion of curing for 90 gold pieces
  2523 | D:4      | Became a worshipper of Zin the Law-Giver
  2523 | D:4      | Reached * piety under Zin
  2523 | D:4      | Reached ** piety under Zin
  2561 | D:4      | Noticed a troll
  2595 | D:4      | Reached skill level 1 in Polearms
  2595 | D:4      | Reached XP level 7. HP: 55/66 MP: 6/6
  2615 | D:4      | Killed jlev's ghost
  2617 | D:4      | Found an iron altar of Okawaru.
  2887 | D:4      | Found a glowing golden altar of the Shining One.
  3196 | D:4      | Found a blossoming altar of Fedhas.
  3211 | D:4      | Reached *** piety under Zin
  3616 | D:5      | Entered Level 5 of the Dungeon
  3616 | D:5      | Noticed Duvessa
  3616 | D:5      | Noticed Dowan
  3631 | D:5      | Killed Duvessa
  3631 | D:5      | Reached XP level 8. HP: 74/74 MP: 7/7
  3645 | D:5      | Reached skill level 5 in Polearms
  3657 | D:5      | Killed Dowan
  3858 | D:5      | Quit the game

Skill      XL: |  1  2  3  4  5  6  7  8 |
---------------+-------------------------+-----
Unarmed Combat | 5 6 7 8 |  8.2
Polearms       | 1 4 6 |  6.0
Fighting       | |  2.4
Dodging        | |  2.4
Stealth        | |  1.1
Invocations    | |  0.8

Action                   |  1- 3 |  4- 6 |  7- 9 || total
-------------------------+-------+-------+-------++-------
Melee: Unarmed           |    57 |   155 |       ||   212
       Punch             |     3 |     9 |     6 ||    18
       Spear             |       |    11 |   176 ||   187
Invok: Recite            |       |       |     1 ||     1
  Use: Scroll            |       |     1 |       ||     1
 Stab: Sleeping          |     1 |     1 |       ||     2
  Eat: Chunk             |     3 |    16 |       ||    19
       Meat ration       |     1 |       |     1 ||     2
       Bread ration      |       |       |     2 ||     2
Armor: Robe              |    19 |    49 |    36 ||   104
Dodge: Dodged            |    19 |    97 |    87 ||   203
